 Dungeon Crawl Stone Soup version 0.25-a0-1133-g93ebf73 (webtiles) character file.

Game seed: 7933000887011963882, levelgen mode: deterministic

5 thirtiethelement the Skirmisher (level 1, 0/18 HPs)
             Began as a Demonspawn Abyssal Knight on May 22, 2020.
             Was an Initiate of Lugonu.
             Killed from afar by a dart slug (1 damage)
             ... with a slug dart
             ... on level 1 of the Dungeon.
             The game lasted 00:02:50 (577 turns).

thirtiethelement the Skirmisher (DsAK)               Turns: 577, Time: 00:02:50

Health: 0/18       AC:  3    Str: 12    XL:     1   Next: 66%
Magic:  2/2        EV: 10    Int: 13    God:    Lugonu [......]
Gold:   38         SH:  3    Dex: 12    Spells: 0/0 levels left

rFire    . . .     SeeInvis .   a - +1 falchion
rCold    . . .     Gourm    .   d - +0 buckler
rNeg     . . .     Faith    .   b - +0 leather armour
rPois    .         Spirit   .   (no helmet)
rElec    .         Reflect  .   (no cloak)
rCorr    .         Harm     .   (no gloves)
MR       .....                  (no boots)
Stlth    +.........             (no amulet)
HPRegen  0.06/turn              (no ring)
MPRegen  0.08/turn              (no ring)

@: no status effects
A: no striking features
a: Renounce Religion


You were on level 1 of the Dungeon.
You worshipped Lugonu.
Lugonu was noncommittal.
You were not hungry.

You visited 1 branch of the dungeon, and saw 1 of its levels.
You visited the Abyss 1 time.

You collected 38 gold pieces.

Inventory:

Hand Weapons
 a - a +1 falchion (weapon)
Armour
 b - a +0 leather armour (worn)
 d - a +0 buckler (worn)
Scrolls
 h - a scroll of teleportation {unknown}
Potions
 g - a potion of cancellation {unknown}
Miscellaneous
 e - a box of beasts
 f - a lightning rod (4/4)
Comestibles
 c - 2 rations


   Skills:
 + Level 3.3 Fighting
 + Level 1.8 Long Blades
 + Level 1.8 Armour
 + Level 0.8 Dodging
 + Level 2.4 Invocations


You couldn't memorise any spells.
You didn't know any spells.
Your spell library was empty.

Dungeon Overview and Level Annotations

Branches:
Dungeon (1/15)

Altars:


Message History

You hit the hobgoblin.
The hobgoblin is almost dead.
The hobgoblin barely misses you.
You barely miss the hobgoblin.
The hobgoblin is almost dead.
The hobgoblin hits you with a +0 club.
* * * LOW HITPOINT WARNING * * *
You closely miss the hobgoblin.
The hobgoblin is almost dead.
The hobgoblin hits you with a +0 club.
* * * LOW HITPOINT WARNING * * *
The dart slug launches a dart at you. The slug dart hits you.
* * * LOW HITPOINT WARNING * * *
You open the lid... ...and a larval weirdfire beast leaps out!
The hobgoblin barely misses you. The dart slug launches a dart at you.
The slug dart hits you.
You die...

.... ...# #..# . #..#
.. #..# #. #.H#
..#####.w####.#.. ##
...##..@g.....# ..
.#######.##.#####...#
## .......†....# # #
..........### #
########..# # #..# !#
# #..# ##.### # #..#
#..... # #..# ##.#.#


You could see a dart slug, a hobgoblin and a friendly larval weirdfire beast
(summoned, wandering).

Vanquished Creatures
  A giant cockroach (D:1)
  A goblin (D:1)
  2 bats (D:1)
  A rat (D:1)
5 creatures vanquished.

Notes
Turn   | Place    | Note
-------+----------+-------------------------------------------
     0 | Abyss:1  | thirtiethelement the Demonspawn Abyssal Knight began the
                  | quest for the Orb.
     0 | Abyss:1  | Reached XP level 1. HP: 18/18 MP: 2/2
    39 | Abyss:1  | Noticed a kobold demonologist
    45 | Abyss:1  | Noticed a large abomination
    54 | Abyss:1  | Noticed a rust devil
    88 | Abyss:2  | Noticed an iron imp
    96 | Abyss:2  | Noticed a smoke demon
   100 | D:1      | Escaped the Abyss
   577 | D:1      | Killed from afar by a dart slug

Illustrated notes

Levels and vault maps discovered:
D:1:      dpeg_arrival_triangle_fractal, layout_loops_ring,
          hangedman_decor_points

Action                   || total
-------------------------++-------
Melee: Falchion          ||    22
Invok: Depart the Abyss  ||     1
Evoke: Box of beasts     ||     1
Armor: Leather armour    ||    11
Dodge: Dodged            ||    15
Block: Buckler           ||     1
       Rpst.: Falchion   ||     5

Table legend:
 A = Non-vault XP
 B = Vault XP
 C = Vault XP percentage of total XP
 D = Non-vault monster count
 E = Vault monster count
 F = Vault count percentage of total count
                 A         B        C        D         E       F
            +---------+---------+-------+---------+---------+-------
      Total |       8 |       0 |   0.0 |       5 |       0 |   0.0
            +---------+---------+-------+---------+---------+-------
        D:1 |       8 |       0 |   0.0 |       5 |       0 |   0.0
            +---------+---------+-------+---------+---------+-------
